 Dungeon Crawl Stone Soup version 0.30-a0-996-ga6910c8ee8 (webtiles) character file.

Game seed: 2138586375315150432

66 jimonade the Magician (level 4, 0/31 HPs)
             Began as a Djinni Hedge Wizard on Apr 4, 2023.
             Slain by a worm (2 damage)
             ... on level 3 of the Dungeon.
             The game lasted 00:03:22 (2159 turns).

jimonade the Magician (Djinni Hedge Wizard)         Turns: 2159, Time: 00:03:22

Health: 0/31       AC: 10    Str: 11    XL:     4   Next: 37%
Gold:   150        EV:  3    Int: 15    God:
                   SH:  7    Dex: 13

rFire   + + .      SeeInvis .    a - +0 rapier
rCold   x . .      Faith    .    j - +0 kite shield
rNeg    . . .      Spirit   .    k - +0 chain mail
rPois   ∞          Reflect  .    c - +0 hat
rElec   .          Rampage  .    (no cloak)
rCorr   .                        s - +1 pair of gloves
Will    .....                    (boots unavailable) Stlth
                                 (no amulet)
HPRegen 0.25/turn                (no ring)
MPRegen 0.00/turn                (no ring)

@: flying
A: sickness immunity, fire resistance 2, cold vulnerability 1, float, innate
caster, HP casting, extra vitality 1
a: no special abilities


You were on level 3 of the Dungeon.
You visited 1 branch of the dungeon, and saw 3 of its levels.

You collected 150 gold pieces.

Inventory:

Hand Weapons
 a - a +0 rapier (weapon)
 n - a +0 sling
 v - a +0 dagger
Missiles
 u - 4 poisoned darts
Armour
 b - a +0 robe
 c - a +0 hat (worn)
 j - a +0 kite shield (worn)
 k - a +0 chain mail (worn)
 s - a +1 pair of gloves (worn)
Wands
 t - a wand of paralysis (12)
Scrolls
 d - a scroll of fear {unknown}
 e - a scroll of brand weapon {unknown}
 g - 3 scrolls of identify {unknown}
 m - a scroll of poison {unknown}
 p - a scroll of blinking {unknown}
 q - a scroll of enchant weapon {unknown}
 r - a scroll of amnesia {unknown}
 w - a scroll of butterflies {unknown}
 x - a scroll of magic mapping {unknown}
 y - a scroll of vulnerability {unknown}
 z - a scroll of teleportation {unknown}
Potions
 f - 2 potions of curing {unknown}
 h - 2 potions of degeneration {unknown}
 i - a potion of might {unknown}
 l - a potion of lignification {unknown}
 o - a potion of flight {unknown}


   Skills:
 + Level 0.4 Short Blades
 + Level 0.1 Armour
 + Level 2.6 Dodging
 - Level 1.5 Stealth
 + Level 3.5 Spellcasting


You knew the following spells:

 Your Spells              Type           Power      Damage    Failure   Level
a - Magic Dart            Conj           52%        1d5       100%        1
b - Slow                  Hex            52%        N/A       100%        1
c - Blink                 Tloc           26%        N/A       100%        2
d - Call Imp              Summ           13%        N/A       100%        2
e - Mephitic Cloud        Conj/Pois/Air  13%        N/A       100%        3
f - Freeze                Ice            52%        1d6       100%        1
Your spell library was empty.


Dungeon Overview and Level Annotations

Branches:
Dungeon (3/15)

Altars:


Innate Abilities, Weirdness & Mutations

You are immune to sickness and miasma.
You are immune to poison.
Your flesh is very heat resistant. (rF++)
You are vulnerable to cold. (rC-)
You float through the air rather than walking.
You learn spells naturally, not from books.
Your magical power is your life essence.
You have superior vitality. (+4 MHP)


Message History

You hit the worm.
The worm is moderately wounded.
The worm bites you.
You barely miss the worm.
The worm is moderately wounded.
The worm bites you but does no damage.
You hit the worm but do no damage.
The worm is moderately wounded.
The worm completely misses you.
You hit the worm.
The worm is moderately wounded.
The worm bites you.
You are too injured to fight recklessly!
You are too injured to fight recklessly!
You are too injured to fight recklessly!
You are too injured to fight recklessly!
You are too injured to fight recklessly!
You are too injured to fight recklessly!
You barely miss the worm.
The worm is moderately wounded.
You hit the worm.
The worm is heavily wounded.
The worm bites you.
You hit the worm.
The worm is severely wounded.
The worm bites you!
* * * LOW HITPOINT WARNING * * *
You barely miss the worm.
The worm is severely wounded.
The worm bites you.
* * * LOW HITPOINT WARNING * * *
You barely miss the worm.
The worm is severely wounded.
You block the worm's attack.
You hit the worm.
The worm is severely wounded.
You barely miss the worm.
The worm is severely wounded.
The worm bites you.
You die...

##.## #.# #.# ##'# ###
## ##...## #.. ...
##.....## #.### ..#
##.......## #.#.#...#
###.........###.......#.
.)'.............@w......
###.........###......##.
#........# #.........
##.....#.# ##.##..##.
##...##.# ... ..#
#.#'###.. .... ## #.#..#
#### ..### ##. ##.##
#..# #.## ##.#


You could see a worm.

Vanquished Creatures
  An adder (D:2)
  2 worms
  4 dart slugs
  3 endoplasms (D:2)
  4 giant cockroaches
  4 hobgoblins
  4 quokkas
  5 ball pythons
  5 bats
  3 frilled lizards
  4 kobolds
  3 rats
42 creatures vanquished.

Notes
Turn   | Place    | Note
-------+----------+-------------------------------------------
     0 | D:1      | jimonade the Djinni Hedge Wizard began the quest for the
                  | Orb.
     0 | D:1      | jimonade set off with the following spells memorised: Magic
                  | Dart, Slow, Blink, Call Imp, Mephitic Cloud.
     0 | D:1      | Reached XP level 1. HP: 15/15 MP: 0/0
   285 | D:1      | Reached XP level 2. HP: 17/21 MP: 0/0
   598 | D:1      | Reached skill level 3 in Spellcasting
   834 | D:2      | Reached XP level 3. HP: 17/25 MP: 0/0
   834 | D:2      | Learned a level 1 spell: Freeze
  1363 | D:2      | Reached XP level 4. HP: 28/31 MP: 0/0
  2156 | D:3      | HP: 1/31 [worm (3)]
  2159 | D:3      | Slain by a worm

Illustrated notes

Levels and vault maps discovered:
D:1:      minmay_arrival_stone_box, layout_loops_ring
D:2:      layout_rooms, basic_altar, st_stairs_2
D:3:      layout_loops_corners

Skill      XL: |  1  2 |
---------------+-------+-----
Spellcasting   | 3 |  3.5
Short Blades   | |  0.4
Armour         | |  0.1
Dodging        | |  2.6
Stealth        | |  1.5

Action                     |  1- 3 |  4- 6 || total
---------------------------+-------+-------++-------
  Melee: Dagger            |    42 |    37 ||    79
         Rapier            |       |    39 ||    39
   Cast: Magic Dart        |    72 |       ||    72
         Freeze            |     4 |       ||     4
 Armour: Robe              |    11 |       ||    11
         Chain mail        |     8 |    29 ||    37
  Dodge: Dodged            |    41 |     8 ||    49
  Block: Kite shield       |     4 |    21 ||    25

Table legend: (Time is in decaauts)
 A = Elapsed time spent in this place.
 B = Non-inter-level travel time spent in this place.
 C = Inter-level travel time spent in this place.
 D = Time resting spent in this place.
 E = Time spent auto-exploring this place.
 F = Levels seen in this place.
 G = Mean time per level.
                   A        B        C        D        E       F      G
               +--------+--------+--------+--------+--------+-----+--------+
         Total |   2183 |   2134 |     49 |    179 |   1451 |   3 |  727.7 |
       Dungeon |   2183 |   2134 |     49 |    179 |   1451 |   3 |  727.7 |
               +--------+--------+--------+--------+--------+-----+--------+

Top non-repeatable levels by time:
     D:2: 866 daAuts
     D:1: 814 daAuts
     D:3: 502 daAuts
